 Dungeon Sprint DCSS version 0.24-a0-613-g1ff6aac338 (webtiles) character file.

Game seed: 15054412381780698890, levelgen mode: deterministic

477800 MordorOrchid the Ruinous (level 18, 256/256 HPs)
             Began as a Troll Fire Elementalist on Sept 10, 2019.
             Was the Champion of Sif Muna.
             Escaped with the Orb!
             The game lasted 01:26:56 (2184 turns).

MordorOrchid the Ruinous (Troll Fire Elementalist)  Turns: 2184, Time: 01:26:57

Health: 256/256    AC: 30    Str: 21    XL:     18   Next: 95%
Magic:  26/39      EV:  7    Int: 23    God:    Sif Muna [******]
Gold:   12         SH: 31    Dex: 10    Spells: 5/53 levels left

rFire    + + .     SeeInvis .   z - staff of wizardry
rCold    + + .     Gourm    +   t - +18 shield of the Gong {rElec rN+ MR+ EV-5}
rNeg     + + .     Faith    .   (armour currently unavailable)
rPois    ∞         Spirit   .   (helmet restricted)
rElec    +         Reflect  .   F - scarf {rC+ rF+}
rCorr    .         Harm     .   (gloves unavailable)
MR       ++...     NoTele   +   (boots unavailable)
Stlth    +.........             j - amulet of Vitality {Regen+ HP+15}
HPRegen  1.32/turn              v - +6 ring of intelligence
MPRegen  0.26/turn              Z - ring of Biesk {Wiz rF+ rC+}

@: statue-form, studying 2 skills, very slow
A: large, unfitting armour, claws 3, fast metabolism 3, gourmand, regeneration 1
0: Orb of Zot
a: End Transformation, Channel Magic, Forget Spell, Divine Exegesis, Renounce
Religion


You escaped.
You worshipped Sif Muna.
Sif Muna was exalted by your worship.
You were near starving.
You were a stone statue.
You visited 1 branch You collected 12 gold pieces.

Inventory:

Hand Weapons
 h - the +3 Elemental Staff {rElec rF++ rC++ MR++ AC+5}
   (You took it off a spriggan air mage in the Dungeon)

   It affects your AC (+5).
   It greatly protects you from fire.
   It greatly protects you from cold.
   It insulates you from electricity.
   It affects your resistance to hostile enchantments.
 s - the +14 obsidian axe {chop, +Fly SInv *Curse}
   (You found it in the Dungeon)

   It inflicts extra damage upon your enemies.
   It lets you see invisible.
   It lets you fly.
   It curses itself when equipped.
 w - the +7 war axe "Dotum" {elec, Fragile rF+++ MP+9 Int+9}
   (You found it in the Dungeon)

   Occasionally, upon striking a foe, it will discharge some electrical energy
   and cause terrible harm.
   It affects your intelligence (+9).
   It renders you almost immune to fire.
   It affects your magic capacity (+9).
   It will be destroyed if unequipped.
Missiles
 G - 17 javelins
 N - 5 large rocks
 U - 3 throwing nets (quivered)
Armour
 t - the +18 shield of the Gong (worn) {rElec rN+ MR+ EV-5}
   (You found it in the Dungeon)

   It affects your evasion (-5).
   It insulates you from electricity.
   It protects you from negative energy.
   It affects your resistance to hostile enchantments.
 F - a scarf of resistance (worn)
 L - the +1 robe of Proximity (melded) {Slay+5}
   (You found it in the Dungeon)

   It affects your accuracy and damage with ranged weapons and melee attacks
   (+5).
 T - the +5 swamp dragon scales "Jaulyizi" {rPois rN++}
   (You found it in the Dungeon)

   It protects you from poison.
   It greatly protects you from negative energy.
Magical Staves
 x - an uncursed staff of energy
 z - an uncursed staff of wizardry (weapon)
 J - an uncursed staff of conjuration
Jewellery
 b - the cursed necklace of Bloodlust {*Rage +Rage MR++ Int-3 Slay+6 *Curse}
   (You found it in the Dungeon)

   [amulet of rage]

   It affects your intelligence (-3).
   It affects your accuracy and damage with ranged weapons and melee attacks
   (+6).
   It affects your resistance to hostile enchantments.
   It lets you go berserk.
   It may make you go berserk in combat.
   It curses itself when equipped.
   It has a curse placed upon it.
 j - the amulet of Vitality (around neck) {Regen+ HP+15}
   (You took it off a wight in the Dungeon)

   [amulet of regeneration]

   It affects your health (+15).
   It increases your rate of regeneration.
 v - a +6 ring of intelligence (left claw)
 P - the amulet of the Four Winds {rN+ MR+++ Clar}
   (You found it in the Dungeon)

   [amulet of nothing]

   It protects you from negative energy.
   It affects your resistance to hostile enchantments.
   It protects you against confusion.
 R - the amulet "Mohi" {+Rage rElec rC+}
   (You took it off a vampire mage in the Dungeon)

   [amulet of rage]

   It protects you from cold.
   It insulates you from electricity.
   It lets you go berserk.
 S - the ring of Seril {rPois rF+++ rC++ Int-3 Stlth-}
   (You found it in the Dungeon)

   [ring of attention]

   It affects your intelligence (-3).
   It renders you almost immune to fire.
   It greatly protects you from cold.
   It protects you from poison.
   It makes you less stealthy.
 W - the ring "Kenkugy" {rElec MR+++ EV+2 Dex+4 Stlth-}
   (You took it off a merfolk aquamancer in the Dungeon)

   [ring of evasion]

   It affects your evasion (+2).
   It affects your dexterity (+4).
   It insulates you from electricity.
   It affects your resistance to hostile enchantments.
   It makes you less stealthy.
 Z - the ring of Biesk (right claw) {Wiz rF+ rC+}
   (You found it in the Dungeon)

   [ring of wizardry]

   It improves your spell success rate.
   It protects you from fire.
   It protects you from cold.
Wands
 o - a wand of disintegration (3)
 p - a wand of iceblast (5)
 q - a wand of acid (6)
Scrolls
 i - 2 scrolls of blinking
 r - 12 scrolls of enchant armour
 u - a scroll of amnesia
 A - 8 scrolls of fog
 B - 2 scrolls of holy word
 C - 4 scrolls of identify
 D - 2 scrolls of remove curse
 E - 2 scrolls of fear
Potions
 d - 10 potions of curing
 e - 13 potions of heal wounds
 f - 5 potions of haste
 g - 7 potions of magic
 k - 4 potions of resistance
 m - 3 potions of agility
 n - 4 potions of might
 Y - a potion of lignification
Books
 H - a manual of Translocations
 O - a manual of Necromancy
Miscellaneous
 a - a lightning rod (4/4)
 l - a phial of floods
 y - 7 boxes of beasts
 I - 5 sacks of spiders
 K - a lamp of fire
 M - 12 phantom mirrors
Comestibles
 c - 8 rations


   Skills:
 - Level 12.2 Fighting
 - Level 10.8 Axes
 - Level 7.2 Dodging
 - Level 1.0 Stealth
 - Level 15.1 Shields
 - Level 18.1 Spellcasting
 * Level 26.7 Conjurations
 - Level 1.6 Charms
 - Level 2.2 Necromancy
 - Level 7.0 Transmutations
 - Level 19.5 Fire Magic
 - Level 2.7 Air Magic
 - Level 23.3 Earth Magic
 - Level 12.2 Invocations
 - Level 6.2 Evocations


You had 5 spell levels left.
You knew the following spells:

 Your Spells              Type           Power        Failure   Level  Hunger
a - Fire Storm            Conj/Fire      #######...   5%          9    #######
f - Fireball              Conj/Fire      #######...   0%          5    None
g - Mephitic Cloud        Conj/Pois/Air  ######..     1%          3    None
h - Bolt of Magma         Conj/Fire/Erth #######...   0%          5    None
k - Regeneration          Chrm/Necr      ####......   1%          3    None
y - Statue Form           Tmut/Erth      ######...    1%          6    ####...
F - Ignition              Fire           #######...   1%          8    #######
T - Shatter               Erth           #######...   4%          9    #######

Your spell library contained the following spells:

 Spells                   Type           Power        Failure   Level  Hunger
 Flame Tongue             Conj/Fire      #####        0%          1    None
 Magic Dart               Conj           ####         0%          1    None
 Sandblast                Erth           ######       0%          1    None
 Shock                    Conj/Air       ####         0%          1    None
 Sting                    Conj/Pois      ####         0%          1    None
 Passwall                 Tmut/Erth      ######..     0%          2    None
 Searing Ray              Conj           ######       0%          2    None
 Throw Flame              Conj/Fire      ######       0%          2    None
 Throw Frost              Conj/Ice       ######       0%          2    None
 Conjure Flame            Conj/Fire      #######.     0%          3    None
 Static Discharge         Conj/Air       ######..     0%          3    None
 Stone Arrow              Conj/Erth      ######       0%          3    None
 Iskenderun's Mystic Bla  Conj           #######.     0%          4    None
 Sticky Flame             Conj/Fire      #######.     0%          4    None
 Lee's Rapid Deconstruct  Erth           #######...   0%          5    None
 Animate Skeleton         Necr           N/A          1%          1    None
 Apportation              Tloc           ###...       1%          1    None
 Beastly Appendage        Tmut           ######       1%          1    None
 Confusing Touch          Hex            ###...       1%          1    None
 Corona                   Hex            ###....      1%          1    None
 Freeze                   Ice            ###.         1%          1    None
 Infusion                 Chrm           ####         1%          1    None
 Pain                     Necr           ####         1%          1    None
 Summon Butterflies       Summ           ###.....     1%          1    None
 Summon Small Mammal      Summ           ###.         1%          1    None
 Blink                    Tloc           N/A          1%          2    None
 Call Imp                 Summ           ###.....     1%          2    None
 Corpse Rot               Necr           N/A          1%          2    None
 Ensorcelled Hibernation  Hex/Ice        ###...       1%          2    None
 Poisonous Vapours        Pois/Air       ####..       1%          2    None
 Shroud of Golubria       Chrm/Tloc      ###...       1%          2    None
 Slow                     Hex            ###.....     1%          2    None
 Song of Slaying          Chrm           ####....     1%          2    None
 Sticks to Snakes         Tmut           ######..     1%          2    None
 Sublimation of Blood     Necr           ####......   1%          2    None
 Swiftness                Chrm/Air       ####....     1%          2    None
 Dazzling Spray           Conj/Hex       ######       1%          3    None
 Ignite Poison            Fire/Tmut/Pois ######..     1%          3    None
 Inner Flame              Hex/Fire       ######..     1%          3    None
 Ozocubu's Armour         Chrm/Ice       ###.....     1%          3    None
 Spectral Weapon          Hex/Chrm       ###.....     1%          3    None
 Spider Form              Tmut/Pois      #####.....   1%          3    None
 Vampiric Draining        Necr           ####......   1%          3    None
 Force Lance              Conj/Tloc      ######..     1%          4    None
 Fulminant Prism          Conj/Hex       ######....   1%          4    None
 Ice Form                 Ice/Tmut       #####...     1%          4    None
 Leda's Liquefaction      Hex/Erth       ######....   1%          4    None
 Petrify                  Tmut/Erth      ######..     1%          4    None
 Throw Icicle             Conj/Ice       ######..     1%          4    None
 Blade Hands              Tmut           ######....   1%          5    None
 Bolt of Draining         Conj/Necr      ######....   1%          5    None
 Borgnjor's Vile Clutch   Necr/Erth      ######....   1%          5    None
 Irradiate                Conj/Tmut      #######...   1%          5    None
 Iskenderun's Battlesphe  Conj/Chrm      ######..     1%          5    None
 Lightning Bolt           Conj/Air       ######....   1%          5    None
 Venom Bolt               Conj/Pois      ######....   1%          5    None
 Call Canine Familiar     Summ           ###.....     2%          3    None
 Confuse                  Hex            ###.....     2%          3    None
 Gell's Gravitas          Tloc           ###.......   2%          3    None
 Lesser Beckoning         Tloc           ###.......   2%          3    None
 Portal Projectile        Hex/Tloc       ###...       2%          3    None
 Recall                   Summ/Tloc      N/A          2%          3    None
 Summon Guardian Golem    Hex/Summ       ###.....     2%          3    None
 Teleport Other           Tloc           ###.....     2%          3    None
 Tukima's Dance           Hex            ###.....     2%          3    None
 Airstrike                Air            ####......   2%          4    None
 Animate Dead             Necr           N/A          2%          4    None
 Summon Lightning Spire   Summ/Air       ####....     4%          4    None
 Alistair's Intoxication  Tmut/Pois      #####...     4%          5    None
 Yara's Violent Unravell  Hex/Tmut       #####.....   4%          5    None
 Cause Fear               Hex            ###.......   7%          4    None
 Olgreb's Toxic Radiance  Pois           ###.....     7%          4    None
 Summon Ice Beast         Ice/Summ       ###.....     7%          4    None
 Agony                    Necr           ####....     8%          5    None
 Dispel Undead            Necr           ####....     8%          5    None
 Excruciating Wounds      Chrm/Necr      ####......   9%          5    None
 Silence                  Hex/Air        ####......   11%         5    None
 Aura of Abjuration       Summ           ###.......   17%         5    None
 Metabolic Englaciation   Hex/Ice        ###.......   17%         5    None
 Summon Demon             Summ           ###.......   17%         5    None
 Summon Forest            Summ/Tloc      ###.......   17%         5    None
 Summon Mana Viper        Hex/Summ       ###.....     17%         5    None
 Iron Shot                Conj/Erth      #######...   0%          6    ####...
 Bolt of Cold             Conj/Ice       ######....   1%          6    ####...
 Bolt of Fire             Conj/Fire      #######...   1%          6    ####...
 Conjure Ball Lightning   Conj/Air       ######....   1%          6    ####...
 Freezing Cloud           Conj/Ice/Air   ######....   1%          6    ####...
 Poison Arrow             Conj/Pois      ######....   1%          6    ####...
 Orb of Destruction       Conj           #######...   1%          7    #####..
 Lehudib's Crystal Spear  Conj/Erth      #######...   1%          8    #######
 Spellforged Servitor     Conj/Summ      ######....   2%          7    #####..
 Hydra Form               Tmut           ######....   6%          6    ####...
 Ring of Flames           Chrm/Fire      ######....   7%          7    #####..
 Chain Lightning          Conj/Air       ######....   11%         8    #######
 Dragon Form              Tmut           ######....   28%         7    #####..
 Death Channel            Necr           ####......   36%         6    ####...
 Deflect Missiles         Chrm/Air       ####......   36%         6    ####...
 Simulacrum               Ice/Necr       ####......   50%         6    ####...
 Darkness                 Hex            ###.......   65%         6    ####...
 Dispersal                Tloc           ###.......   65%         6    ####...
 Invisibility             Hex            ###.....     65%         6    ####...
 Ozocubu's Refrigeration  Ice            ###.......   65%         6    ####...
 Shadow Creatures         Summ           N/A          65%         6    ####...
 Glaciate                 Conj/Ice       ######....   92%         9    #######
 Haunt                    Necr/Summ      ####......   95%         7    #####..
 Malign Gateway           Summ/Tloc      ###.......   99%         7    #####..
 Monstrous Menagerie      Summ           ###.......   99%         7    #####..
 Summon Greater Demon     Summ           ###.......   99%         7    #####..
 Summon Hydra             Summ           ###.......   99%         7    #####..
 Necromutation            Tmut/Necr      #####.....   99%         8    #######
 Borgnjor's Revivificati  Necr           ####......   100%        8    #######
 Controlled Blink         Tloc           N/A          100%        8    #######
 Death's Door             Chrm/Necr      ####......   100%        8    #######
 Discord                  Hex            ###.......   100%        8    #######
 Disjunction              Tloc           ###.......   100%        8    #######
 Infestation              Necr           ####......   100%        8    #######
 Summon Horrible Things   Summ           ###.......   100%        8    #######
 Dragon's Call            Summ           ###.......   100%        9    #######
 Tornado                  Air            ####......   100%        9    #######
 Passage of Golubria      Tloc           Unusable     N/A         4    N/A

Dungeon Overview and Level Annotations

Branches:
Dungeon (1/1)

Altars:
Ashenzari
Cheibriados
Dithmenos
Elyvilon
Fedhas
Gozag
Hepliaklqana
Kikubaaqudgha
Makhleb
Nemelex Xobeh
Okawaru
Qazlal
Ru
Sif Muna
Trog
Uskayaw
Vehumet
Wu Jian
Xom
Yredelemnul
Zin
The Shining One
Beogh
Jiyva
Lugonu


Innate Abilities, Weirdness & Mutations

You are too large for most types of armour.
You have claws for hands.
Your metabolism is lightning-fast.
You like to eat raw meat.
Your natural rate of healing is unusually fast.
((You are covered in fur. (AC +1)))
((You have extremely tough skin. (AC +3)))


Message History

b - the cursed necklace of Bloodlust {*Rage +Rage MR++ Int-3 Slay+6 *Curse} You see here a +2 long sword of slicing.
You feel a little less mighty now.
Your extra speed is starting to run out.
You see here a dagger.
There is a transporter here.
An exit appears before you!
You enter the transporter and appear at another place.
Found the Orb of Zot.
Found a staircase leading out of the dungeon.
You see here the Orb of Zot.
You pick up the Orb of Zot!
The Orb lets out a hideous shriek!
The lords of Pandemonium are not amused.
Beware!
Now all you have to do is get back out of the dungeon!
You feel yourself slow down.
You feel a little less clever now.
You feel a little less agile now.
There is a staircase leading out of the dungeon here.
You can't go down here!
Unknown command.
You have escaped!

............▓..▓.†.....▓..▓...8©8
..|.))).....▓.▓▓▓)....▓▓▓.▓...))|
....†.......▓..▓.......▓..▓....))
.)...)......▓.............▓......
....).......▓......©......▓......
............▓▓▓▓▓▓▓▓▓▓▓▓▓▓▓......
............▓8888888888888▓......
▓.......▓...▓8...........8▓......
............▓8..8.....©..8▓.▓....
............▓8...........8▓....©.
....©.......▓8888888888888▓▓▓▓▓▓▓
▓▓▓▓▓▓▓▓▓▓▓▓▓▓▓▓▓▓▓▓▓▓▓▓▓▓▓▓▓▓▓▓▓
.....8©8........▓........8©8.....
:).))}[)||)=[.).▓.}|.......:::..}
).))==||).)[.:[.▓.|):):.))..[:..)
.)}|)=)||)|)=?|.▓.....)..).}::...
................▓..........))....


There were no monsters in sight!

Vanquished Creatures
  2 ancient liches (D)
  Nikola (D)
  4 Tzitzimimeh (D)
  6 liches (D)
  15 deep elf blademasters (D)
  2 acid blobs (D)
  An Executioner (D)
  8 deep elf master archers (D)
  7 shadow dragons (D)
  Agnes (D)
  2 nagarajas (D)
  8 deep elf sorcerers (D)
  14 ghouls (D)
  A vault warden (D)
  9 vampire knights (D)
  4 spriggan defenders (D)
  Azrael (D)
  A dire elephant (D)
  8 deep elf annihilators (D)
  A deep elf death mage (D)
  A merfolk javelineer (D)
  An eidolon (D)
  A death ooze (D)
  2 merfolk impalers (D)
  Erolcha (D)
  11 deep elf high priests (D)
  Harold (D)
  3 spriggan air magi (D)
  2 catoblepae (D)
  3 hydras (D)
  6 merfolk aquamancers (D)
  4 anacondas (D)
  12 dancing weapons (D)
  A death knight (D)
  8 vampire magi (D)
  5 spriggan berserkers (D)
  4 spriggans (D)
  5 small abominations (D)
  13 soul eaters (D)
  9 deep elf knights (D)
  8 skeletal warriors (D)
  3 sea snakes (D)
  A flayed ghost (D)
  Pikel (D)
  3 spriggan druids (D)
  12 deep elf archers (D)
  16 necromancers (D)
  23 deep elf magi (D)
  2 oklob plants (D)
  A cyclops (D)
  A shining eye (D)
  A merfolk siren (D)
  3 black mambas (D)
  A guardian serpent (shapeshifter) (D)
  2 naga magi (D)
  A guardian serpent (D)
  Psyche (D)
  An eye of devastation (D)
  9 spiny frogs (D)
  A smoke demon (D)
  2 rime drakes (D)
  A freezing wraith (D)
  3 komodo dragons (D)
  5 merfolk (D)
  A polar bear (D)
  2 wind drakes (D)
  Grinder (D)
  4 hornets (D)
  4 hippogriffs (D)
  3 blink frogs (D)
  2 slime creatures (D)
  A dream sheep (shapeshifter) (D)
  A dream sheep (D)
  A hippogriff (shapeshifter) (D)
  A flying skull (D)
  Sigmund (D)
  15 shadows (D)
  4 air elementals (D)
  A redback (D)
  9 vampires (D)
  A spriggan (shapeshifter) (D)
  3 yaks (D)
  A fire bat (D)
  7 water elementals (D)
  3 golden eyes (D)
  2 fire elementals (D)
  A hungry ghost (D)
  2 basilisks (D)
  4 nagas (D)
  11 water moccasins (D)
  3 black bears (D)
  10 necrophages (D)
  4 wolves (D)
  3 crocodiles (D)
  3 earth elementals (D)
  17 wights (D)
  A crimson imp (D)
  A jelly (D)
  A quasit (D)
  An orc priest (D)
  2 iron imps (D)
  6 adders (D)
  2 shadow imps (D)
  3 white imps (D)
  5 ufetubi (D)
  An ooze (D)
  A spectral adder (D)
  7 adder zombies (D)
  13 adder skeletons (D)
  An orc (D)
  5 ball pythons (D)
  3 bat skeletons (D)
  10 bat zombies (D)
  A ball python skeleton (D)
  A ball python zombie (D)
  A giant cockroach zombie (D)
  3 jackal skeletons (D)
  A jackal zombie (D)
  4 leopard gecko skeletons (D)
  3 leopard gecko zombies (D)
  2 quokka skeletons (D)
  A spectral quokka (D)
  11 blocks of ice (D)
  2 butterflies (D)
  7 crawling corpses (D)
  5 fire vortices (D)
522 creatures vanquished.

Vanquished Creatures (collateral kills)
  A bone dragon (D)
  2 vault wardens (D)
  An ogre mage (D)
  A naga warrior (D)
  2 vault guards (D)
  A dancing weapon (D)
  A deep elf archer (D)
  An orc knight (D)
  2 deep elf magi (D)
  A vault sentinel (D)
  A naga mage (D)
  3 merfolk (D)
  A flying skull (D)
  A black bear (D)
  A necrophage (D)
  A centaur (D)
  An earth elemental (D)
  A wight (D)
  A crimson imp (D)
  An iron imp (D)
25 creatures vanquished.

Vanquished Creatures (others)
  Kirke (D)
  Donald (D)
  A ghoul (D)
  A dancing weapon (D)
  A deep elf archer (D)
  A deep elf mage (D)
  Maurice (D)
  A shadow (D)
  A fire elemental (D)
  2 blocks of ice (D)
  14 fire vortices (D)
25 creatures vanquished.

Grand Total: 572 creatures vanquished

Notes
Turn   | Place    | Note
-------+----------+-------------------------------------------
     0 | D        | MordorOrchid the Troll Fire Elementalist began the quest
                  | for the Orb.
     0 | D        | Reached XP level 1. HP: 16/16 MP: 1/1
     0 | D        | Found a shimmering blue altar of Sif Muna.
     0 | D        | Found a sacrificial altar of Ru.
     0 | D        | Found a bloodstained altar of Trog.
     0 | D        | Found a stormy altar of Qazlal.
     0 | D        | Found an iron altar of Okawaru.
     0 | D        | Found a sparkling altar of Nemelex Xobeh.
     0 | D        | Found a blossoming altar of Fedhas.
     1 | D        | Found the +6 Majin-Bo {vamp, Archmagi MP+6 Int+6}
     1 | D        | Found the +7 great mace "Firestarter" {inner flame, rF++}
     6 | D        | Found a corrupted altar of Lugonu.
     6 | D        | Found an ancient bone altar of Kikubaaqudgha.
     6 | D        | Found a burning altar of Makhleb.
     6 | D        | Found a transporter.
     6 | D        | Found a viscous altar of Jiyva.
     6 | D        | Found a hazy altar of Hepliaklqana.
    21 | D        | Found the +9 heavy crossbow "Sniper" {velocity, Acc+∞ SInv}
    21 | D        | Found the +10 dark maul {crush}
    21 | D        | Found the +15 Maxwell's patent armour {-Cast -Tele rElec
                  | MR+ rCorr}
    21 | D        | Found the +18 shield of the Gong {rElec rN+ MR+ EV-5}
    21 | D        | Found the cursed +14 obsidian axe {chop, +Fly SInv *Curse}
    29 | D        | Found an opulent altar of Gozag.
    62 | D        | Became a worshipper of Sif Muna the Loreminder
    72 | D        | Reached XP level 2. HP: 31/31 MP: 2/2
    76 | D        | Entered arena 2.
    76 | D        | Found a transporter.
    80 | D        | Reached skill level 5 in Shields
    80 | D        | Reached skill level 1 in Conjurations
    80 | D        | Reached XP level 3. HP: 37/37 MP: 2/4
    93 | D        | Entered arena 3.
    93 | D        | Noticed an air elemental
    93 | D        | Noticed a deep elf archer
    93 | D        | Noticed a deep elf knight
    93 | D        | Found a transporter.
   101 | D        | Killed an air elemental
   101 | D        | Reached * piety under Sif Muna
   101 | D        | Reached skill level 2 in Conjurations
   101 | D        | Reached XP level 4. HP: 24/49 MP: 3/6
   101 | D        | Reached XP level 5. HP: 27/55 MP: 3/7
   103 | D        | Killed a deep elf knight
   103 | D        | Reached skill level 5 in Fighting
   103 | D        | Reached skill level 3 in Conjurations
   103 | D        | Reached skill level 5 in Fire Magic
   103 | D        | Reached XP level 6. HP: 35/66 MP: 3/9
   104 | D        | Killed a deep elf archer
   104 | D        | Reached XP level 7. HP: 40/72 MP: 3/10
   117 | D        | Got the +1 short sword of the Moth {venom, +Inv rF- Int+8
                  | Dex+2}
   156 | D        | Entered arena 4.
   156 | D        | Noticed a death knight
   156 | D        | Noticed a slime creature
   156 | D        | Noticed a vault warden
   156 | D        | Noticed an ogre mage
   156 | D        | Found a transporter.
   157 | D        | Identified the +8 hunting sling "Gotiej Ula" {freeze, Dex+5
                  | Stlth+}
   160 | D        | Killed a slime creature
   160 | D        | Reached ** piety under Sif Muna
   160 | D        | Reached skill level 5 in Dodging
   162 | D        | Killed an ogre mage
   162 | D        | Reached skill level 4 in Conjurations
   162 | D        | Reached XP level 8. HP: 67/83 MP: 10/12
   164 | D        | Killed a death knight
   164 | D        | Killed a vault warden
   164 | D        | Reached *** piety under Sif Muna
   164 | D        | Reached skill level 5 in Conjurations
   164 | D        | Reached skill level 5 in Evocations
   164 | D        | Reached XP level 9. HP: 76/93 MP: 10/14
   173 | D        | Got the Incunabulum of Poisonous Ice
   176 | D        | Entered arena 5.
   176 | D        | Found a transporter.
   185 | D        | Reached **** piety under Sif Muna
   189 | D        | Entered arena 6.
   189 | D        | Found a transporter.
   195 | D        | Reached ***** piety under Sif Muna
   195 | D        | Identified Sif Muna's Grimoire of the Destructive Escort
                  | (Sif Muna gifted it to you in the Dungeon)
   195 | D        | Received a gift from Sif Muna
   198 | D        | Got the Guide on Mutagenic Translocation
   201 | D        | Entered arena 7.
   201 | D        | Noticed a merfolk
   201 | D        | Noticed a merfolk
   201 | D        | Noticed a merfolk
   201 | D        | Noticed a merfolk
   202 | D        | Found a transporter.
   206 | D        | Reached skill level 1 in Invocations
   208 | D        | Killed a merfolk
   208 | D        | Reached skill level 6 in Conjurations
   208 | D        | Killed a merfolk
   210 | D        | Killed a merfolk
   211 | D        | Killed a merfolk
   240 | D        | Learned a level 5 spell: Fireball
   246 | D        | Learned a level 5 spell: Bolt of Magma
   249 | D        | Entered arena 8.
   249 | D        | Noticed a vault warden
   249 | D        | Noticed a vault sentinel
   249 | D        | Noticed a vault warden
   249 | D        | Noticed a vault guard
   249 | D        | Noticed a vault guard
   249 | D        | Noticed an orc knight
   250 | D        | Found a transporter.
   256 | D        | Killed an orc knight
   256 | D        | Reached XP level 10. HP: 102/102 MP: 13/16
   257 | D        | Killed a vault warden
   257 | D        | Identified Sif Muna's Incunabulum of Venom and Enchantment
                  | (Sif Muna gifted it to you in the Dungeon)
   257 | D        | Received a gift from Sif Muna
   258 | D        | Killed a vault guard
   258 | D        | Reached skill level 5 in Spellcasting
   258 | D        | Reached skill level 7 in Conjurations
   259 | D        | Killed a vault warden
   259 | D        | Reached skill level 5 in Invocations
   259 | D        | Killed a vault guard
   259 | D        | Reached skill level 10 in Shields
   262 | D        | Killed a vault sentinel
   276 | D        | Got the ring of Biesk {Wiz rF+ rC+}
   292 | D        | Learned a level 3 spell: Mephitic Cloud
   295 | D        | Entered arena 9.
   295 | D        | Noticed a deep elf knight
   295 | D        | Noticed a deep elf mage
   295 | D        | Noticed a deep elf archer
   295 | D        | Noticed a deep elf archer
   295 | D        | Noticed a +1 long sword of electrocution
   296 | D        | Found a transporter.
   299 | D        | Killed a +1 long sword of electrocution
   301 | D        | Killed a deep elf mage
   301 | D        | Reached skill level 10 in Fire Magic
   301 | D        | Reached skill level 1 in Air Magic
   301 | D        | Reached skill level 1 in Earth Magic
   301 | D        | Reached XP level 11. HP: 109/109 MP: 6/18
   301 | D        | Identified Sif Muna's Tome of the Hurtful Frostbite (Sif
                  | Muna gifted it to you in the Dungeon)
   301 | D        | Received a gift from Sif Muna
   303 | D        | Killed a deep elf archer
   303 | D        | Killed a deep elf knight
   304 | D        | Killed a deep elf archer
   304 | D        | Reached skill level 8 in Conjurations
   363 | D        | Learned a level 4 spell: Sticky Flame
   367 | D        | Learned a level 3 spell: Conjure Flame
   371 | D        | Entered arena 10.
   371 | D        | Noticed a spriggan rider
   372 | D        | Found the +7 sceptre of Torment {pain, torment}
   372 | D        | Found the +9 staff of Wucad Mu {channel}
   378 | D        | Killed a spriggan rider
   378 | D        | Identified Sif Muna's Almanac of the Enthralling Blaze (Sif
                  | Muna gifted it to you in the Dungeon)
   378 | D        | Received a gift from Sif Muna
   385 | D        | Found a transporter.
   399 | D        | Got the +1 robe of Proximity {Slay+5}
   413 | D        | Entered arena 11.
   414 | D        | Found the +7 Spriggan's Knife {stab, EV+4 Stlth+}
   414 | D        | Found the amulet of the Four Winds {rN+ MR+++ Clar}
   414 | D        | Reached ****** piety under Sif Muna
   415 | D        | Identified Sif Muna's Grimoire of Confrontation (Sif Muna
                  | gifted it to you in the Dungeon)
   415 | D        | Received a gift from Sif Muna
   422 | D        | Found a transporter.
   448 | D        | Entered arena 12.
   448 | D        | Noticed a deep elf blademaster
   448 | D        | Noticed a deep elf mage
   448 | D        | Noticed a deep elf archer
   448 | D        | Noticed a deep elf mage
   448 | D        | Noticed a +0 antimagic mace
   448 | D        | Noticed a deep elf mage
   449 | D        | Identified the ring "Houf Lia" {*Contam rPois rC+ Str+2
                  | SInv}
   450 | D        | Noticed a deep elf archer
   451 | D        | Noticed a deep elf mage
   457 | D        | Killed a +0 antimagic mace
   461 | D        | Killed a deep elf blademaster
   463 | D        | Killed a deep elf mage
   463 | D        | Received a gift from Sif Muna
   464 | D        | Killed a deep elf mage
   466 | D        | Killed a deep elf mage
   467 | D        | Found a transporter.
   469 | D        | Killed a deep elf archer
   469 | D        | Reached XP level 12. HP: 13/118 MP: 20/22
   474 | D        | HP: 5/118 [poisoned by a redback]
   479 | D        | HP: 4/118 [poisoned by a redback]
   504 | D        | Got the ring of Seril {rPois rF+++ rC++ Int-3 Stlth-}
   506 | D        | Got the +5 swamp dragon scales "Jaulyizi" {rPois rN++}
   522 | D        | Got the +6 hunting sling of Honour {speed, rElec MR++
                  | Int-4}
   622 | D        | Learned a level 6 spell: Statue Form
   622 | D        | Entered arena 13.
   623 | D        | Noticed a ghoul
   623 | D        | Noticed a ghoul
   624 | D        | Identified Sif Muna's Volume of Unholy Transmutation (Sif
                  | Muna gifted it to you in the Dungeon)
   624 | D        | Received a gift from Sif Muna
   631 | D        | Killed a ghoul
   631 | D        | Reached skill level 1 in Transmutations
   633 | D        | Found a transporter.
   635 | D        | Identified Sif Muna's Spellcasting Continued (Sif Muna
                  | gifted it to you in the Dungeon)
   635 | D        | Received a gift from Sif Muna
   640 | D        | Killed a ghoul
   640 | D        | Reached skill level 5 in Earth Magic
   666 | D        | Got the Reference Book on Freezing Attacks
   699 | D        | Entered arena 14.
   704 | D        | Noticed a death ooze
   704 | D        | Noticed an acid blob
   704 | D        | Noticed an acid blob
   707 | D        | Killed a death ooze
   707 | D        | Identified Sif Muna's Grimoire of Creative Enchantment (Sif
                  | Muna gifted it to you in the Dungeon)
   707 | D        | Received a gift from Sif Muna
   709 | D        | Killed an acid blob
   709 | D        | Killed an acid blob
   714 | D        | Found a transporter.
   727 | D        | Learned a level 3 spell: Regeneration
   763 | D        | Entered arena 15.
   767 | D        | Reached skill level 5 in Transmutations
   769 | D        | Reached XP level 13. HP: 124/124 MP: 10/25
   769 | D        | Identified Keusedwo's Papyrus of Hurtful Summoning (Sif
                  | Muna gifted it to you in the Dungeon)
   769 | D        | Received a gift from Sif Muna
   769 | D        | Reached skill level 1 in Necromancy
   770 | D        | Reached skill level 1 in Charms
   781 | D        | Received a gift from Sif Muna
   791 | D        | Found a transporter.
   814 | D        | Got the ring "Ontics" {Wiz rC+}
   874 | D        | Entered arena 16.
   879 | D        | Noticed a deep elf blademaster
   879 | D        | Noticed a deep elf master archer
   879 | D        | Identified the +1 leather armour of the Kettle-Drum {rElec
                  | rCorr MP+9 Str-5}
   879 | D        | Noticed a deep elf annihilator
   880 | D        | Noticed a deep elf master archer
   880 | D        | Identified the +5 scimitar "Uriosch" {antimagic, rN+}
   880 | D        | Identified the cursed +1 spear of Context {flame, rPois}
   884 | D        | Killed a deep elf blademaster
   887 | D        | Killed a deep elf master archer
   887 | D        | Reached skill level 10 in Spellcasting
   887 | D        | Identified Sif Muna's Handbook of the Peculiar Dances (Sif
                  | Muna gifted it to you in the Dungeon)
   887 | D        | Received a gift from Sif Muna
   890 | D        | Killed a deep elf master archer
   891 | D        | Killed a deep elf annihilator
   891 | D        | Identified Sif Muna's Volume of Creative Flight (Sif Muna
                  | gifted it to you in the Dungeon)
   891 | D        | Received a gift from Sif Muna
   904 | D        | Found a transporter.
   998 | D        | Entered arena 17.
  1001 | D        | Noticed Erolcha
  1001 | D        | Noticed Donald
  1001 | D        | Noticed Psyche
  1001 | D        | Noticed Pikel
  1001 | D        | Noticed Nikola
  1001 | D        | Noticed Sigmund
  1001 | D        | Noticed Agnes
  1001 | D        | Noticed Grinder
  1001 | D        | Noticed Azrael
  1001 | D        | Noticed Harold
  1002 | D        | Killed Psyche
  1002 | D        | Killed Erolcha
  1002 | D        | Reached skill level 5 in Axes
  1002 | D        | Killed Sigmund
  1002 | D        | Killed Grinder
  1002 | D        | Noticed Kirke
  1002 | D        | Noticed Maurice
  1007 | D        | Killed Harold
  1007 | D        | Killed Agnes
  1007 | D        | Killed Pikel
  1011 | D        | Killed Kirke
  1011 | D        | Killed Donald
  1011 | D        | Killed Maurice
  1013 | D        | Killed Azrael
  1013 | D        | Identified Borgnjor's Reference Book on Unholy Secrets (Sif
                  | Muna gifted it to you in the Dungeon)
  1013 | D        | Received a gift from Sif Muna
  1015 | D        | Found a transporter.
  1016 | D        | Killed Nikola
  1016 | D        | Reached XP level 14. HP: 33/133 MP: 16/28
  1065 | D        | Learned a level 8 spell: Ignition
  1110 | D        | Entered arena 18.
  1116 | D        | Noticed an Executioner
  1117 | D        | Noticed a bone dragon
  1121 | D        | Killed an Executioner
  1121 | D        | Reached skill level 15 in Shields
  1123 | D        | Received a gift from Sif Muna
  1125 | D        | Reached skill level 10 in Invocations
  1136 | D        | Killed a bone dragon
  1136 | D        | Identified Sif Muna's Grimoire of Ignition and Dislocation
                  | (Sif Muna gifted it to you in the Dungeon)
  1136 | D        | Received a gift from Sif Muna
  1147 | D        | Found a transporter.
  1158 | D        | Got Sif Muna's Volume of Supportive Poisoning
  1241 | D        | Entered arena 19.
  1244 | D        | Noticed a nagaraja
  1245 | D        | Noticed a nagaraja
  1247 | D        | Received a gift from Sif Muna
  1247 | D        | Reached skill level 15 in Fire Magic
  1248 | D        | Identified Sif Muna's Volume of Fetching Creation (Sif Muna
                  | gifted it to you in the Dungeon)
  1248 | D        | Received a gift from Sif Muna
  1248 | D        | Killed a nagaraja
  1248 | D        | Killed a nagaraja
  1252 | D        | Found a transporter.
  1265 | D        | Got the ring of Yesterday {rElec rPois MR++ Dex+4 Slay-4}
  1273 | D        | Got the Grimoire of the Glacial Mountains
  1280 | D        | Entered arena 20.
  1285 | D        | Identified the ring "Kenkugy" {rElec MR+++ EV+2 Dex+4
                  | Stlth-}
  1286 | D        | Identified Sif Muna's Collected Works on Beguiling and
                  | Boosts (Sif Muna gifted it to you in the Dungeon)
  1286 | D        | Received a gift from Sif Muna
  1286 | D        | Identified Sif Muna's Almanac of Mutagenic Conjuration (Sif
                  | Muna gifted it to you in the Dungeon)
  1286 | D        | Received a gift from Sif Muna
  1292 | D        | Identified Sif Muna's Grimoire of Snow and Clay (Sif Muna
                  | gifted it to you in the Dungeon)
  1292 | D        | Received a gift from Sif Muna
  1306 | D        | Found a transporter.
  1352 | D        | Got Suqemeri's Disquisition on the Arsonist and Good Luck
  1354 | D        | Got the Papyrus of Companions and Attacks
  1360 | D        | Got the Guide on Evil Rites and Beguiling
  1367 | D        | Entered arena 21.
  1370 | D        | Noticed a spriggan defender
  1370 | D        | Noticed a spriggan defender
  1371 | D        | Noticed a spriggan defender
  1371 | D        | Identified the ring of Podghesao {EV+5 Int+3}
  1371 | D        | Noticed a spriggan defender
  1372 | D        | Killed a spriggan defender
  1372 | D        | Reached XP level 15. HP: 143/143 MP: 15/29
  1373 | D        | Identified Denudych's Volume of the Mountains and Aid (Sif
                  | Muna gifted it to you in the Dungeon)
  1373 | D        | Received a gift from Sif Muna
  1373 | D        | Reached skill level 10 in Earth Magic
  1373 | D        | Reached skill level 10 in Axes
  1375 | D        | Identified Sif Muna's Papyrus of the Enchanting Blaze (Sif
                  | Muna gifted it to you in the Dungeon)
  1375 | D        | Received a gift from Sif Muna
  1377 | D        | Identified Beralej's Handbook of Assistive Shape Shifting
                  | (Sif Muna gifted it to you in the Dungeon)
  1377 | D        | Received a gift from Sif Muna
  1440 | D        | Found a transporter.
  1443 | D        | Reached skill level 10 in Fighting
  1532 | D        | Entered arena 22.
  1532 | D        | Identified the cursed +1 scimitar "Upnypn" {flame, rC+
                  | Int+3}
  1534 | D        | Found a transporter.
  1534 | D        | Identified the +6 leather armour of the Solstice {-Tele
                  | rElec Int+4 Slay+3}
  1534 | D        | Noticed an ancient lich
  1534 | D        | Noticed a lich
  1534 | D        | Identified the +9 plate armour "Puranoga" {rElec rC+ Str+4
                  | Slay+3}
  1535 | D        | Found the +10 zealot's sword {holy, *Rage rN+ EV+3}
  1535 | D        | Identified Sif Muna's Papyrus of Flames and Evil (Sif Muna
                  | gifted it to you in the Dungeon)
  1535 | D        | Received a gift from Sif Muna
  1535 | D        | Identified Nocinn's Collected Works on Excruciating Unholy
                  | Arts (Sif Muna gifted it to you in the Dungeon)
  1535 | D        | Received a gift from Sif Muna
  1535 | D        | Received a gift from Sif Muna
  1535 | D        | Killed a lich
  1537 | D        | Received a gift from Sif Muna
  1537 | D        | Reached skill level 15 in Earth Magic
  1548 | D        | Killed an ancient lich
  1607 | D        | Entered arena 23.
  1612 | D        | Noticed a lich
  1613 | D        | Identified the ring "Gemp" {Ice rPois MR++ Str-3 SInv}
  1615 | D        | Noticed a lich
  1615 | D        | Identified Sif Muna's Incunabulum of Hurtful Darkness (Sif
                  | Muna gifted it to you in the Dungeon)
  1615 | D        | Received a gift from Sif Muna
  1615 | D        | Received a gift from Sif Muna
  1615 | D        | Received a gift from Sif Muna
  1615 | D        | Noticed a lich
  1616 | D        | Killed a lich
  1616 | D        | Killed a lich
  1616 | D        | Identified Sif Muna's Papyrus of Snow and Battle Magic (Sif
                  | Muna gifted it to you in the Dungeon)
  1616 | D        | Received a gift from Sif Muna
  1616 | D        | Reached XP level 16. HP: 158/158 MP: 9/31
  1620 | D        | Killed a lich
  1635 | D        | Found a transporter.
  1690 | D        | Learned a level 9 spell: Shatter
  1691 | D        | Entered arena 24.
  1699 | D        | Noticed a deep elf master archer
  1699 | D        | Noticed a deep elf blademaster
  1699 | D        | Noticed a deep elf master archer
  1700 | D        | Identified the cursed ring of Eternal Night {*Corrode
                  | +Blink rF- rN+++ AC-3 Stlth+}
  1700 | D        | Identified Iskaytux's Incunabulum of the Compass (Sif Muna
                  | gifted it to you in the Dungeon)
  1700 | D        | Received a gift from Sif Muna
  1700 | D        | Killed a deep elf master archer
  1700 | D        | Identified Sif Muna's Almanac of the Bewitching Glacier
                  | (Sif Muna gifted it to you in the Dungeon)
  1700 | D        | Received a gift from Sif Muna
  1700 | D        | Reached skill level 9 in Conjurations
  1701 | D        | Killed a deep elf master archer
  1701 | D        | Identified Sif Muna's Handbook of Enchantment (Sif Muna
                  | gifted it to you in the Dungeon)
  1701 | D        | Received a gift from Sif Muna
  1701 | D        | Killed a deep elf master archer
  1702 | D        | Identified the +5 chain mail of Liberalism {Dex+3}
  1702 | D        | Noticed a deep elf blademaster
  1703 | D        | Identified Sif Muna's Handbook of Translocation (Sif Muna
                  | gifted it to you in the Dungeon)
  1703 | D        | Received a gift from Sif Muna
  1703 | D        | Noticed a deep elf blademaster
  1706 | D        | Killed a deep elf blademaster
  1706 | D        | Killed a deep elf blademaster
  1706 | D        | Reached skill level 10 in Conjurations
  1706 | D        | Killed a deep elf blademaster
  1706 | D        | Identified Sif Muna's Tome of the Displaced Rocks (Sif Muna
                  | gifted it to you in the Dungeon)
  1706 | D        | Received a gift from Sif Muna
  1710 | D        | Reached skill level 15 in Spellcasting
  1714 | D        | Killed a ghostly deep elf blademaster
  1733 | D        | Found a transporter.
  1802 | D        | Entered arena 25.
  1813 | D        | Identified Sif Muna's Handbook of Supportive Fire (Sif Muna
                  | gifted it to you in the Dungeon)
  1813 | D        | Received a gift from Sif Muna
  1813 | D        | Identified Sif Muna's Sophisticated Magic (Sif Muna gifted
                  | it to you in the Dungeon)
  1813 | D        | Received a gift from Sif Muna
  1813 | D        | Reached skill level 11 in Conjurations
  1813 | D        | Identified Sif Muna's Handbook of Supportive Combat Magic
                  | (Sif Muna gifted it to you in the Dungeon)
  1813 | D        | Received a gift from Sif Muna
  1816 | D        | Found the +6 lightning scales {run, rElec}
  1818 | D        | Reached XP level 17. HP: 172/172 MP: 25/36
  1859 | D        | Found a transporter.
  1912 | D        | Learned a level 9 spell: Fire Storm
  1912 | D        | Entered arena 26.
  1917 | D        | Noticed a Tzitzimitl
  1918 | D        | Noticed a Tzitzimitl
  1921 | D        | Reached skill level 12 in Conjurations
  1921 | D        | Noticed a Tzitzimitl
  1921 | D        | Noticed a Tzitzimitl
  1921 | D        | Killed a Tzitzimitl
  1923 | D        | Reached skill level 13 in Conjurations
  1924 | D        | Killed a Tzitzimitl
  1925 | D        | Killed a Tzitzimitl
  1925 | D        | Reached skill level 14 in Conjurations
  1925 | D        | Killed a Tzitzimitl
  1952 | D        | Found the +2 Maxwell's thermic engine {flame, freeze}
  1952 | D        | Found the +8 demon blade "Leech" {vamp, rN+ AC-3 EV-3}
  1952 | D        | Found a transporter.
  1971 | D        | Got the +7 war axe "Dotum" {elec, Fragile rF+++ MP+9 Int+9}
  2008 | D        | Entered arena 27.
  2008 | D        | Identified a ring of the Octopus King {rCorr AC+1 EV+1
                  | Str+1 Int+1 Dex+1}
  2008 | D        | Identified the cursed +1 broad axe "Lubbuuzi" {chop, Int+7
                  | Dex+2}
  2010 | D        | Identified the amulet "Mohi" {+Rage rElec rC+}
  2010 | D        | Noticed an ancient lich
  2012 | D        | Reached skill level 15 in Conjurations
  2012 | D        | Identified the +2 ring mail of Urir Eloudgh {Str+6}
  2012 | D        | Identified the cursed +0 dagger "Puiq" {drain, +Blink Dex+5
                  | SInv}
  2012 | D        | Noticed a lich
  2013 | D        | Reached skill level 16 in Conjurations
  2013 | D        | Noticed a lich
  2015 | D        | Reached skill level 17 in Conjurations
  2015 | D        | Killed a lich
  2015 | D        | Killed an ancient lich
  2015 | D        | Reached skill level 19 in Conjurations
  2015 | D        | Reached XP level 18. HP: 182/182 MP: 7/39
  2017 | D        | Noticed a Tzitzimitl
  2017 | D        | Identified the +9 plate armour "Wupifali" {+Inv rPois rN+
                  | Int-3}
  2018 | D        | Reached skill level 20 in Conjurations
  2061 | D        | Found a transporter.
  2132 | D        | Entered arena 28.
  2145 | D        | Found the cursed necklace of Bloodlust {*Rage +Rage MR++
                  | Int-3 Slay+6 *Curse}
  2146 | D        | Reached skill level 21 in Conjurations
  2147 | D        | Reached skill level 22 in Conjurations
  2147 | D        | Identified the ring of the Moon {rC+ MR++ MP+9 Stlth+}
  2149 | D        | Reached skill level 23 in Conjurations
  2152 | D        | Reached skill level 24 in Conjurations
  2152 | D        | Identified the amulet "Qaxan" {Acrobat rElec rC- Dex+2}
  2154 | D        | Identified the ring "Kaopehashi" {Ice MR+ Str-4 Dex+4}
  2156 | D        | Identified the +4 trident of the Realm of Zot {venom, +Inv
                  | Str-4 Int+3}
  2158 | D        | Reached skill level 25 in Conjurations
  2160 | D        | Reached skill level 26 in Conjurations
  2166 | D        | Found a transporter.
  2179 | D        | Got the Orb of Zot
  2184 | D        | Escaped with the Orb!

Levels and vault maps discovered:
D:        sprint_v [room_start, room_1, room_2, room_3, room_4, room_5, room_6,
          room_7, room_8, room_9, room_10, room_11, room_12, room_13, room_14,
          room_15, room_16, room_17, room_18, room_19, room_20, room_21,
          room_22, room_23, room_24, room_25, room_26, room_27]

Skill      XL: |  1  2  3  4  5  6  7  8  9 10 11 12 13 14 15 16 17 18 |
---------------+-------------------------------------------------------+-----
Fighting       | 3 4 5 6 7 10 12 | 12.2
Shields        | 4 5 6 7 8 10 12 13 14 15 | 15.1
Dodging        | 2 3 4 6 7 |  7.2
Conjurations   | 1 2 3 4 5 6 7 8 11 19 26 | 26.7
Spellcasting   | 2 3 4 5 7 9 11 12 16 18 | 18.1
Fire Magic     | 4 5 7 8 10 11 12 13 19 | 19.5
Evocations     | 2 3 4 5 6 |  6.2
Invocations    | 3 6 7 9 10 12 | 12.2
Air Magic      | 1 2 |  2.7
Earth Magic    | 1 3 7 9 19 21 23 | 23.3
Transmutations | 5 7 |  7.0
Necromancy     | 2 |  2.2
Charms         | 1 |  1.6
Axes           | 8 10 | 10.8
Stealth        | |  1.0

Action                   |  1- 3 |  4- 6 |  7- 9 | 10-12 | 13-15 | 16-18 || total
-------------------------+-------+-------+-------+-------+-------+-------++-------
Melee: Broad axe         |     9 |     3 |    18 |    16 |    36 |       ||    82
       Staff             |       |       |       |     1 |     3 |       ||     4
 Cast: Flame Tongue      |       |       |     2 |     6 |       |       ||     8
       Fireball          |       |       |       |    23 |    12 |       ||    35
       Bolt of Magma     |       |       |       |     8 |     3 |     8 ||    19
       Sticky Flame      |       |       |       |     5 |     1 |       ||     6
       Regeneration      |       |       |       |     2 |    16 |     7 ||    25
       Statue Form       |       |       |       |     1 |     8 |     5 ||    14
       Ignition          |       |       |       |     1 |    19 |    26 ||    46
       Controlled Blink  |       |       |       |     1 |       |       ||     1
       Shatter           |       |       |       |       |     2 |     4 ||     6
       Mephitic Cloud    |       |       |       |       |     1 |       ||     1
       Glaciate          |       |       |       |       |       |     3 ||     3
       Fire Storm        |       |       |       |       |       |     4 ||     4
       Tornado           |       |       |       |       |       |     1 ||     1
Invok: Channel Magic     |       |       |       |     8 |     6 |     8 ||    22
       Divine Exegesis   |       |       |       |     2 |     3 |     4 ||     9
Evoke: Wand              |       |       |     2 |       |     1 |     4 ||     7
       Lamp of fire      |       |       |     1 |     4 |     2 |       ||     7
       Phial of floods   |       |       |     1 |     1 |     1 |       ||     3
       Staff of energy   |       |       |       |     4 |    18 |    14 ||    36
       Lightning rod     |       |       |       |       |     4 |       ||     4
  Use: Potion            |     6 |       |     7 |     4 |     3 |     5 ||    25
       Scroll            |       |       |       |     3 |     3 |     5 ||    11
 Stab: Invisible         |       |     2 |     1 |       |       |       ||     3
       Sleeping          |       |       |     4 |       |       |       ||     4
       Held in net/web   |       |       |     1 |       |       |       ||     1
  Eat: Chunk             |       |       |     8 |     9 |    37 |    14 ||    68
       Ration            |       |       |       |       |     1 |       ||     1
Armor: Robe              |     1 |       |     1 |     7 |     2 |     1 ||    12
       Skin              |       |       |       |       |    73 |    43 ||   116
Dodge: Dodged            |     1 |       |     1 |     5 |    35 |    18 ||    60
Block: Shield            |    15 |     2 |    19 |    55 |   200 |   127 ||   418

Table legend:
 A = Non-vault XP
 B = Vault XP
 C = Vault XP percentage of total XP
 D = Non-vault monster count
 E = Vault monster count
 F = Vault count percentage of total count
                 A         B        C        D         E       F
            +---------+---------+-------+---------+---------+-------
      Total |    3948 |  368040 |  98.9 |       9 |     519 |  98.3
            +---------+---------+-------+---------+---------+-------
          D |    3948 |  368040 |  98.9 |       9 |     519 |  98.3
            +---------+---------+-------+---------+---------+-------
